Sewer Rats vs Atomiques
Created - 5 avril 2015 at 22:16
Goals
|
Sewer Rats |
1 |
2 |
2 |
5 |
Atomiques |
0 |
1 |
2 |
3 |
|
Shots
|
Sewer Rats |
11 |
23 |
14 |
48 |
Atomiques |
14 |
13 |
5 |
32 |
|
1st period
1. Sewer Rats , Mark Mancari 37 (Steven Reinprecht) at 2:39 (PP)
Penalties :
Brett Sutter (STB) for Hooking (Minor) at 2:33, Mattias Ekholm (Tol) for Interference (Minor) at 6:44, Davis Drewiske (STB) for Slashing (Minor) at 13:04, Steven Kampfer (Tol) for Tripping (Minor) at 17:27
2nd period
2. Atomiques , Kyle Wharton 3 (Alexandre Daigle, Brad Winchester) at 4:35
3. Sewer Rats , Nick Palmieri 44 (Vojtech Polak, Matt Lashoff) at 7:53
4. Sewer Rats , Steven Reinprecht 35 (Ville Leino) at 8:31 (PP)
Penalties :
Alexandre Daigle (STB) for Diving (Minor) at 8:15, Linus Omark (STB) for Tripping (Minor) at 12:34
3rd period
5. Sewer Rats , Steven Reinprecht 36 (Mark Mancari, Tim Ramholt) at 0:16
6. Atomiques , Marc-André Cliche 6 (Alexander Sulzer, Ryan Shannon) at 8:03
7. Atomiques , Brett Sutter 10 (Nick Johnson) at 14:07
8. Sewer Rats , Kyle Turris 33 (Mark Mancari, Tim Ramholt) at 19:51 (Empty Net)
Penalties :
Alexandre Daigle (STB) for Tripping (Minor) at 4:42, John-Michael Liles (Tol) for Holding (Minor) at 14:44
Goalie Stats
Jhonas Enroth (Tol), 29 saves from 32 shots - (0,906), W, 17-14-0, 60:00 minutes
Alex Auld (STB), 43 saves from 47 shots - (0,915), L, 26-21-3, 59:24 minutes
Players Stats for Sewer Rats
Player Name G A P +/- PIM S H SB GA TA FO MP PP MP PK MP
------------------------------------------------------------------------------------
Brandon Sutter 0 0 0 1 0 2 1 1 0 0 9/13 15:51 2:31 0:20
Derek Dorsett 0 0 0 1 0 3 0 0 0 1 1/1 11:24 0:02 0:00
John Erskine 0 0 0 -1 0 1 1 2 0 1 0/0 19:14 2:06 2:28
John Lammers 0 0 0 0 0 1 0 0 0 2 0/1 11:35 0:00 1:36
John-Michael Liles 0 0 0 1 2 1 2 1 1 0 0/0 26:06 4:13 2:15
Jordan Caron 0 0 0 0 0 2 0 0 0 1 1/1 7:27 0:02 0:00
Kyle Quincey 0 0 0 0 0 1 0 1 0 2 0/0 9:55 0:00 0:00
Kyle Turris 1 0 1 1 0 8 2 0 1 1 0/1 11:12 0:02 0:00
Lars Eller 0 0 0 0 0 2 1 0 0 0 2/6 7:07 0:00 0:00
Mark Mancari 1 2 3 -1 0 6 3 0 0 1 1/2 22:40 3:46 1:25
Matt Lashoff 0 1 1 -1 0 1 3 1 1 0 0/0 18:27 2:06 2:25
Mattias Ekholm 0 0 0 0 2 0 0 0 0 0 0/0 3:43 0:00 0:00
Mike Funk 0 0 0 0 0 0 0 0 0 0 0/0 4:17 0:00 0:03
Nick Palmieri 1 0 1 1 0 3 2 1 0 0 0/0 15:17 2:31 0:00
Patrick Bordeleau 0 0 0 0 0 2 0 0 1 0 0/0 7:18 0:00 0:11
Steven Kampfer 0 0 0 0 2 1 1 0 2 1 0/0 11:13 0:00 1:14
Steven Reinprecht 2 1 3 -2 0 9 1 0 1 0 21/39 23:12 3:46 2:59
Tim Ramholt 0 2 2 1 0 0 1 2 0 3 0/0 27:21 4:13 3:29
Ville Leino 0 1 1 -2 0 4 2 0 1 0 3/3 23:12 3:46 2:59
Vojtech Polak 0 1 1 1 0 1 1 1 0 0 0/0 17:29 2:31 2:24
Players Stats for Atomiques
Player Name G A P +/- PIM S H SB GA TA FO MP PP MP PK MP
------------------------------------------------------------------------------------
Alexander Sulzer 0 1 1 -1 0 3 3 3 0 0 0/0 27:27 3:45 3:30
Alexandre Daigle 0 1 1 -2 4 2 2 0 1 1 3/4 20:35 2:50 0:34
Andrew Kozek 0 0 0 1 0 2 1 0 2 0 1/2 12:58 0:00 2:05
Anthony Nigro 0 0 0 0 0 0 0 0 0 0 0/0 0:00 0:00 0:00
Brad Winchester 0 1 1 -2 0 1 2 0 3 1 3/10 23:36 2:50 3:43
Brett Sutter 1 0 1 1 2 2 0 0 0 0 3/5 7:54 0:00 0:44
Casey Borer 0 0 0 0 0 0 3 0 0 0 0/0 9:15 0:00 0:00
Davis Drewiske 0 0 0 1 2 0 0 2 1 1 0/0 19:18 2:12 2:02
Drew Larman 0 0 0 0 0 0 0 0 0 0 0/0 0:00 0:00 0:00
John McCarthy 0 0 0 0 0 0 0 0 0 0 0/0 0:00 0:00 0:00
John Zeiler 0 0 0 0 0 1 0 0 0 0 0/0 15:34 2:41 0:00
Kenndal McArdle 0 0 0 1 0 1 2 0 0 0 0/0 7:05 0:00 0:11
Kyle Wharton 1 0 1 1 0 2 1 2 0 0 0/0 19:17 2:12 2:49
Linus Omark 0 0 0 0 2 4 3 0 2 2 0/0 18:15 2:41 2:43
Logan Couture 0 0 0 -2 0 1 2 0 1 0 14/33 21:28 2:50 1:38
Mac Bennett 0 0 0 0 0 0 0 0 0 0 0/0 4:01 0:00 0:00
Marc-André Cliche 1 0 1 1 0 2 0 0 1 1 2/5 9:23 0:00 0:00
Mike Halmo 0 0 0 0 0 0 0 0 0 0 0/0 1:49 0:00 1:00
Mitch Callahan 0 0 0 0 0 0 0 0 0 0 0/0 0:38 0:26 0:00
Nick Johnson 0 1 1 1 0 1 0 0 0 1 0/0 7:47 0:26 0:00
Roman Polak 0 0 0 0 0 0 0 0 0 0 0/0 4:01 0:00 0:00
Ryan Shannon 0 1 1 1 0 4 0 0 1 0 0/0 10:12 0:26 0:00
Scott Jackson 0 0 0 0 0 2 1 0 0 1 0/0 10:02 0:00 0:47
Tyler Brenner 0 0 0 0 0 2 1 0 0 0 3/8 15:34 2:41 0:00
Victor Hedman 0 0 0 -1 0 2 1 1 1 0 0/0 27:27 3:45 3:30
3 Stars
1 - Steven Reinprecht (Tol)
2 - Mark Mancari (Tol)
3 - Nick Palmieri (Tol)
Power Play
Sewer Rats - 2 on 5 Attempt(s) - 40,00%
Atomiques - 0 on 3 Attempt(s) - 0,00%
Penalty Kill
Sewer Rats - 3 on 3 Attempt(s) - 100,00%
- Score 0 goal in Penalty Kill
Atomiques - 3 on 5 Attempt(s) - 60,00%
- Score 0 goal in Penalty Kill
Team Stat
Sewer Rats - Hits : 21 - Faceoff Wins : 38 - Blocked Shots : 10 - Penalty Minutes : 6
Atomiques - Hits : 22 - Faceoff Wins : 29 - Blocked Shots : 8 - Penalty Minutes : 10
Official
Referees : VanMassenhoven Don and Joannette Marc
Linesman : Mark Shewchyk and Dan Schachte
Game Notes
Kyle Turris has scored in a empty net!
Finance
Level 1 -- Attendance: 1384 (69,20%) -- Ticket Income 48 440 $
Level 2 -- Attendance: 747 (74,70%) -- Ticket Income 11 205 $
Total Attendance: 2131 (71,03%)
Total Ticket Income: 59 645 $
Other Income: 2 982 $
Total Income: 62 627 $
Sewer Rats
5 vs 5 Forward
Center Left Wing Right Wing Time % Phy DF OF
1 Steven Reinprecht Ville Leino Mark Mancari 40 1 2 2
2 Brandon Sutter Vojtech Polak Nick Palmieri 30 1 2 2
3 Kyle Turris John Lammers Derek Dorsett 20 1 2 2
4 Lars Eller Patrick Bordeleau Jordan Caron 10 1 2 2
5 vs 5 Defense
Defense Defense Time % Phy DF OF
1 Tim Ramholt John-Michael Liles 40 1 2 2
2 John Erskine Matt Lashoff 30 1 2 2
3 Kyle Quincey Steven Kampfer 20 1 2 2
4 Mike Funk Mattias Ekholm 10 1 2 2
PowerPlay Forward
Center Left Wing Right Wing Time % Phy DF OF
1 Steven Reinprecht Ville Leino Mark Mancari 60 1 2 2
2 Brandon Sutter Vojtech Polak Nick Palmieri 40 1 2 2
PowerPlay Defense
Defense Defense Time % Phy DF OF
1 Tim Ramholt John-Michael Liles 60 1 2 2
2 John Erskine Matt Lashoff 40 1 2 2
Penalty Kill 4 Players Forward
Center Wing Time % Phy DF OF
1 Steven Reinprecht Ville Leino 60 1 2 2
2 Mark Mancari Vojtech Polak 40 1 2 2
Penalty Kill 4 Players Defense
Defense Defense Time % Phy DF OF
1 Tim Ramholt John-Michael Liles 60 1 2 2
2 John Erskine Matt Lashoff 40 1 2 2
Penalty Kill - 3 Players Forward
Forward Time % Phy DF OF
1 Steven Reinprecht 60 1 2 2
2 Ville Leino 40 1 2 2
Penalty Kill - 3 Players Defense
Defense Defense Time % Phy DF OF
1 Tim Ramholt John-Michael Liles 60 1 2 2
2 John Erskine Matt Lashoff 40 1 2 2
4 vs 4 Forward
Center Wing Time % Phy DF OF
1 Steven Reinprecht Ville Leino 60 1 2 2
2 Mark Mancari Vojtech Polak 40 1 2 2
4 vs 4 Defense
Defense Defense Time % Phy DF OF
1 Tim Ramholt John-Michael Liles 60 1 2 2
2 John Erskine Matt Lashoff 40 1 2 2
Last Minutes Offensive
Center Left Wing Right Wing Defense Defense
Steven Reinprecht Ville Leino Mark Mancari Tim Ramholt John-Michael Liles
Last Minutes Defensive
Center Left Wing Right Wing Defense Defense
Steven Reinprecht Ville Leino Mark Mancari Tim Ramholt John-Michael Liles
Goaltenders
Starting : Jhonas Enroth
Backup : Semyon Varlamov
Extra Forwards
Normal : Derek Dorsett, Kyle Turris, John Lammers - PP : Derek Dorsett, Kyle Turris - PK : John Lammers
Extra Defensemen
Normal : Kyle Quincey, Steven Kampfer, Mike Funk - PP : Kyle Quincey - PK : Steven Kampfer, Mike Funk
Penalty Shots
Steven Reinprecht, Ville Leino, Mark Mancari, Vojtech Polak, Brandon Sutter
Atomiques
5 vs 5 Forward
Center Left Wing Right Wing Time % Phy DF OF
1 Logan Couture Brad Winchester Alexandre Daigle 40 1 2 2
2 Tyler Brenner Linus Omark John Zeiler 30 1 2 2
3 Marc-André Cliche Andrew Kozek Ryan Shannon 20 1 2 2
4 Brett Sutter Kenndal McArdle Nick Johnson 10 1 2 2
5 vs 5 Defense
Defense Defense Time % Phy DF OF
1 Alexander Sulzer Victor Hedman 40 1 2 2
2 Davis Drewiske Kyle Wharton 30 1 2 2
3 Casey Borer Scott Jackson 20 1 2 2
4 Roman Polak Mac Bennett 10 1 2 2
PowerPlay Forward
Center Left Wing Right Wing Time % Phy DF OF
1 Logan Couture Brad Winchester Alexandre Daigle 60 1 2 2
2 Tyler Brenner Linus Omark John Zeiler 40 1 2 2
PowerPlay Defense
Defense Defense Time % Phy DF OF
1 Alexander Sulzer Victor Hedman 60 1 2 2
2 Davis Drewiske Kyle Wharton 40 1 2 2
Penalty Kill 4 Players Forward
Center Wing Time % Phy DF OF
1 Brad Winchester Linus Omark 60 1 2 2
2 Alexandre Daigle Logan Couture 40 1 2 2
Penalty Kill 4 Players Defense
Defense Defense Time % Phy DF OF
1 Alexander Sulzer Victor Hedman 60 1 2 2
2 Davis Drewiske Kyle Wharton 40 1 2 2
Penalty Kill - 3 Players Forward
Forward Time % Phy DF OF
1 Brad Winchester 60 1 2 2
2 Linus Omark 40 1 2 2
Penalty Kill - 3 Players Defense
Defense Defense Time % Phy DF OF
1 Alexander Sulzer Victor Hedman 60 1 2 2
2 Davis Drewiske Kyle Wharton 40 1 2 2
4 vs 4 Forward
Center Wing Time % Phy DF OF
1 Brad Winchester Linus Omark 60 1 2 2
2 Alexandre Daigle Logan Couture 40 1 2 2
4 vs 4 Defense
Defense Defense Time % Phy DF OF
1 Alexander Sulzer Victor Hedman 60 1 2 2
2 Davis Drewiske Kyle Wharton 40 1 2 2
Last Minutes Offensive
Center Left Wing Right Wing Defense Defense
Logan Couture Brad Winchester Alexandre Daigle Alexander Sulzer Victor Hedman
Last Minutes Defensive
Center Left Wing Right Wing Defense Defense
Logan Couture Brad Winchester Alexandre Daigle Alexander Sulzer Victor Hedman
Goaltenders
Starting : Alex Auld
Backup : Curtis McElhinney
Extra Forwards
Normal : Ryan Shannon, Nick Johnson, Andrew Kozek - PP : Ryan Shannon, Nick Johnson - PK : Andrew Kozek
Extra Defensemen
Normal : Casey Borer, Scott Jackson, Roman Polak - PP : Casey Borer - PK : Scott Jackson, Roman Polak
Penalty Shots
Brad Winchester, Linus Omark, Alexandre Daigle, Logan Couture, John Zeiler
% Time on Ice - Sewer Rats
Lines # - Real PCT - Wanted PCT - Time Play
Normal Forward
1 - 36% - 40% - 16:59
2 - 27% - 30% - 12:46
3 - 21% - 20% - 9:45
4 - 15% - 10% - 7:07
Normal Defense
1 - 42% - 40% - 19:27
2 - 30% - 30% - 13:56
3 - 21% - 20% - 9:44
4 - 8% - 10% - 3:30
PP Forward
1 - 60% - 60% - 3:48
2 - 40% - 40% - 2:31
PP Defense
1 - 67% - 60% - 4:13
2 - 33% - 40% - 2:06
PK Forward
1 - 76% - 60% - 4:32
2 - 24% - 40% - 1:25
PK Defense
1 - 59% - 60% - 3:32
2 - 41% - 40% - 2:25
PK3 Forward
1 - 0% - 60%
2 - 0% - 40%
PK3 Defense
1 - 0% - 60%
2 - 0% - 40%
44 Forward
1 - 0% - 60%
2 - 0% - 40%
44 Defense
1 - 0% - 60%
2 - 0% - 40%
Last Minute Offensive - 0:00
Last Minute Defensive - 1:07
Total
Forward - 60:00
Defense - 60:00
|
% Time on Ice - Atomiques
Lines # - Real PCT - Wanted PCT - Time Play
Normal Forward
1 - 36% - 40% - 16:35
2 - 30% - 30% - 13:46
3 - 20% - 20% - 9:23
4 - 15% - 10% - 6:53
Normal Defense
1 - 41% - 40% - 19:16
2 - 30% - 30% - 14:05
3 - 20% - 20% - 9:15
4 - 9% - 10% - 4:01
PP Forward
1 - 55% - 60% - 3:16
2 - 45% - 40% - 2:41
PP Defense
1 - 63% - 60% - 3:45
2 - 37% - 40% - 2:12
PK Forward
1 - 79% - 60% - 4:58
2 - 21% - 40% - 1:21
PK Defense
1 - 55% - 60% - 3:30
2 - 45% - 40% - 2:49
PK3 Forward
1 - 0% - 60%
2 - 0% - 40%
PK3 Defense
1 - 0% - 60%
2 - 0% - 40%
44 Forward
1 - 0% - 60%
2 - 0% - 40%
44 Defense
1 - 0% - 60%
2 - 0% - 40%
Last Minute Offensive - 1:07
Last Minute Defensive - 0:00
Total
Forward - 60:00
Defense - 60:00
|
Play by Play
1st period
0:01 of 1st period - Steven Reinprecht wins face-off versus Logan Couture in neutral zone.
0:26 of 1st period - Victor Hedman is hit by John-Michael Liles and loses puck.
0:33 of 1st period - Slapshot by John Zeiler.
0:33 of 1st period - Shot Blocked by Tim Ramholt.
0:51 of 1st period - Snap shot by Kyle Turris.
0:51 of 1st period - Shot Blocked by Kyle Wharton.
0:53 of 1st period - Wrist shot by Derek Dorsett.
0:53 of 1st period - Stopped by Alex Auld without a rebound.
0:54 of 1st period - Lars Eller wins face-off versus Brett Sutter in Atomiques zone.
0:54 of 1st period - Lars Eller is hit by Casey Borer.
1:23 of 1st period - Matt Lashoff is hit by Brad Winchester and loses puck.
2:21 of 1st period - Icing by Nick Johnson.
2:22 of 1st period - Brett Sutter wins face-off versus Steven Reinprecht in Atomiques zone.
2:31 of 1st period - Snap shot by Steven Reinprecht.
2:31 of 1st period - Stopped by Alex Auld with a rebound.
2:33 of 1st period - Minor Penalty to Brett Sutter for Hooking.
2:34 of 1st period - Steven Reinprecht wins face-off versus Brad Winchester in Atomiques zone.
2:39 of 1st period - Snap shot by Mark Mancari.
2:39 of 1st period - Goal by Mark Mancari - Sewer Rats : 1 - Atomiques : 0.
2:40 of 1st period - Brandon Sutter wins face-off versus Logan Couture in neutral zone.
3:34 of 1st period - Wrist shot by Ryan Shannon.
3:34 of 1st period - Stopped by Jhonas Enroth with a rebound.
4:58 of 1st period - Snap shot by Ryan Shannon.
4:58 of 1st period - Shot Misses the Net.
5:21 of 1st period - Off-side.
5:22 of 1st period - Logan Couture wins face-off versus Brandon Sutter in neutral zone.
6:44 of 1st period - Minor Penalty to Mattias Ekholm for Interference.
6:45 of 1st period - Logan Couture wins face-off versus Steven Reinprecht in Sewer Rats zone.
8:03 of 1st period - Ville Leino is hit by Kyle Wharton.
8:25 of 1st period - John Erskine is hit by Alexandre Daigle and loses puck.
8:36 of 1st period - John Erskine is hit by Logan Couture and loses puck.
8:44 of 1st period - Penalty to Mattias Ekholm is over, Mattias Ekholm is back on ice.
8:55 of 1st period - Wrist shot by Brad Winchester.
8:55 of 1st period - Shot Blocked by John Erskine.
8:57 of 1st period - Slapshot by Alexander Sulzer.
8:57 of 1st period - Stopped by Jhonas Enroth without a rebound.
8:58 of 1st period - Lars Eller wins face-off versus Marc-André Cliche in Sewer Rats zone.
8:58 of 1st period - Lars Eller is hit by Casey Borer.
9:06 of 1st period - Slapshot by Kyle Quincey.
9:06 of 1st period - Stopped by Alex Auld without a rebound.
9:07 of 1st period - Marc-André Cliche wins face-off versus Lars Eller in Atomiques zone.
9:27 of 1st period - Wrist shot by Ryan Shannon.
9:27 of 1st period - Stopped by Jhonas Enroth with a rebound.
9:29 of 1st period - Wrist shot by Andrew Kozek.
9:29 of 1st period - Shot Misses the Net.
9:31 of 1st period - Slapshot by Andrew Kozek.
9:31 of 1st period - Stopped by Jhonas Enroth without a rebound.
9:32 of 1st period - Ville Leino wins face-off versus Tyler Brenner in Sewer Rats zone.
9:38 of 1st period - Off-side.
9:39 of 1st period - Tyler Brenner wins face-off versus Steven Reinprecht in neutral zone.
10:30 of 1st period - Wrist shot by Ryan Shannon.
10:30 of 1st period - Shot Misses the Net.
10:32 of 1st period - Snap shot by Ryan Shannon.
10:32 of 1st period - Stopped by Jhonas Enroth with a rebound.
11:08 of 1st period - Linus Omark is hit by Lars Eller.
11:12 of 1st period - Slapshot by Linus Omark.
11:12 of 1st period - Stopped by Jhonas Enroth with a rebound.
11:14 of 1st period - Wrist shot by John Zeiler.
11:14 of 1st period - Shot Misses the Net.
11:16 of 1st period - Snap shot by John Zeiler.
11:16 of 1st period - Stopped by Jhonas Enroth with a rebound.
11:32 of 1st period - Snap shot by Logan Couture.
11:32 of 1st period - Shot Misses the Net.
11:34 of 1st period - Snap shot by Logan Couture.
11:34 of 1st period - Shot Misses the Net.
12:15 of 1st period - Snap shot by Brett Sutter.
12:15 of 1st period - Stopped by Jhonas Enroth with a rebound.
12:17 of 1st period - Wrist shot by Kenndal McArdle.
12:17 of 1st period - Stopped by Jhonas Enroth with a rebound.
12:27 of 1st period - Wrist shot by John Zeiler.
12:27 of 1st period - Shot Blocked by Kyle Quincey.
12:29 of 1st period - Snap shot by Tyler Brenner.
12:29 of 1st period - Stopped by Jhonas Enroth without a rebound.
12:30 of 1st period - Tyler Brenner wins face-off versus Lars Eller in Sewer Rats zone.
13:04 of 1st period - Minor Penalty to Davis Drewiske for Slashing.
13:05 of 1st period - Steven Reinprecht wins face-off versus Brad Winchester in Atomiques zone.
13:09 of 1st period - Slapshot by Steven Reinprecht.
13:09 of 1st period - Stopped by Alex Auld without a rebound.
13:10 of 1st period - Steven Reinprecht wins face-off versus Brad Winchester in Atomiques zone.
13:11 of 1st period - Wrist shot by Ville Leino.
13:11 of 1st period - Deflect By Steven Reinprecht.
13:11 of 1st period - Stopped by Alex Auld with a rebound.
13:47 of 1st period - Slapshot by Logan Couture.
13:47 of 1st period - Stopped by Jhonas Enroth without a rebound.
13:48 of 1st period - Alexandre Daigle wins face-off versus Steven Reinprecht in Sewer Rats zone.
13:49 of 1st period - Slapshot by Logan Couture.
13:49 of 1st period - Shot Misses the Net.
15:04 of 1st period - Penalty to Davis Drewiske is over, Davis Drewiske is back on ice.
15:08 of 1st period - Davis Drewiske is hit by Kyle Turris and loses puck.
15:25 of 1st period - Wrist shot by Andrew Kozek.
15:25 of 1st period - Stopped by Jhonas Enroth with a rebound.
15:48 of 1st period - Snap shot by Kyle Turris.
15:48 of 1st period - Stopped by Alex Auld with a rebound.
15:52 of 1st period - Snap shot by Kyle Turris.
15:52 of 1st period - Stopped by Alex Auld without a rebound.
15:53 of 1st period - Alexandre Daigle wins face-off versus Steven Reinprecht in Atomiques zone.
16:03 of 1st period - Off-side.
16:04 of 1st period - Logan Couture wins face-off versus Steven Reinprecht in neutral zone.
16:54 of 1st period - John Erskine is hit by Alexander Sulzer and loses puck.
17:17 of 1st period - Slapshot by Linus Omark.
17:17 of 1st period - Stopped by Jhonas Enroth with a rebound.
17:27 of 1st period - Minor Penalty to Steven Kampfer for Tripping.
17:28 of 1st period - Ville Leino wins face-off versus Tyler Brenner in Sewer Rats zone.
17:35 of 1st period - Snap shot by John Zeiler.
17:35 of 1st period - Deflect By Linus Omark.
17:35 of 1st period - Stopped by Jhonas Enroth with a rebound.
18:41 of 1st period - Brad Winchester is hit by Tim Ramholt.
19:27 of 1st period - Penalty to Steven Kampfer is over, Steven Kampfer is back on ice.
19:31 of 1st period - Snap shot by Ville Leino.
19:31 of 1st period - Stopped by Alex Auld without a rebound.
19:32 of 1st period - Marc-André Cliche wins face-off versus Lars Eller in Atomiques zone.
19:41 of 1st period - Snap shot by Jordan Caron.
19:41 of 1st period - Stopped by Alex Auld with a rebound.
19:43 of 1st period - Snap shot by Jordan Caron.
19:43 of 1st period - Stopped by Alex Auld with a rebound.
19:45 of 1st period - Snap shot by Mattias Ekholm.
19:45 of 1st period - Shot Blocked by Davis Drewiske.
19:47 of 1st period - Slapshot by Mattias Ekholm.
19:47 of 1st period - Shot Blocked by Davis Drewiske.
19:57 of 1st period - John Lammers is hit by Kenndal McArdle and loses puck.
Goals for this period are 1 for Sewer Rats vs 0 for Atomiques.
Shots for this period are 11 for Sewer Rats vs 14 for Atomiques.
2nd period
0:01 of 2nd period - Steven Reinprecht wins face-off versus Logan Couture in neutral zone.
0:04 of 2nd period - Victor Hedman is hit by Steven Reinprecht and loses puck.
0:27 of 2nd period - Tim Ramholt is hit by Alexander Sulzer and loses puck.
0:54 of 2nd period - Backhand shot by Vojtech Polak.
0:54 of 2nd period - Shot Misses the Net.
0:56 of 2nd period - Wrist shot by Nick Palmieri.
0:56 of 2nd period - Stopped by Alex Auld with a rebound.
0:58 of 2nd period - Wrist shot by Vojtech Polak.
0:58 of 2nd period - Stopped by Alex Auld with a rebound.
1:34 of 2nd period - Snap shot by Kyle Turris.
1:34 of 2nd period - Stopped by Alex Auld with a rebound.
1:36 of 2nd period - Snap shot by Patrick Bordeleau.
1:36 of 2nd period - Stopped by Alex Auld with a rebound.
1:38 of 2nd period - Slapshot by Steven Kampfer.
1:38 of 2nd period - Shot Misses the Net.
1:40 of 2nd period - Wrist shot by Lars Eller.
1:40 of 2nd period - Stopped by Alex Auld with a rebound.
1:42 of 2nd period - Snap shot by Steven Kampfer.
1:42 of 2nd period - Stopped by Alex Auld without a rebound.
1:43 of 2nd period - Brandon Sutter wins face-off versus Brad Winchester in Atomiques zone.
1:54 of 2nd period - Nick Palmieri is hit by Brad Winchester and loses puck.
2:17 of 2nd period - Kyle Turris is hit by Victor Hedman and loses puck.
2:24 of 2nd period - Tim Ramholt is hit by Linus Omark and loses puck.
3:11 of 2nd period - Derek Dorsett is hit by Linus Omark and loses puck.
3:23 of 2nd period - Off-side.
3:24 of 2nd period - Steven Reinprecht wins face-off versus Brad Winchester in neutral zone.
3:32 of 2nd period - Off-side.
3:33 of 2nd period - Steven Reinprecht wins face-off versus Logan Couture in neutral zone.
3:44 of 2nd period - Wrist shot by Ville Leino.
3:44 of 2nd period - Stopped by Alex Auld without a rebound.
3:45 of 2nd period - Mark Mancari wins face-off versus Logan Couture in Atomiques zone.
3:51 of 2nd period - Off-side.
3:52 of 2nd period - Steven Reinprecht wins face-off versus Logan Couture in neutral zone.
4:25 of 2nd period - Snap shot by Brad Winchester.
4:25 of 2nd period - Stopped by Jhonas Enroth with a rebound.
4:27 of 2nd period - Wrist shot by Alexandre Daigle.
4:27 of 2nd period - Stopped by Jhonas Enroth with a rebound.
4:29 of 2nd period - Slapshot by Kyle Wharton.
4:29 of 2nd period - Shot Misses the Net.
4:31 of 2nd period - Slapshot by Alexandre Daigle.
4:31 of 2nd period - Stopped by Jhonas Enroth with a rebound.
4:33 of 2nd period - Slapshot by Kyle Wharton.
4:33 of 2nd period - Stopped by Jhonas Enroth with a rebound.
4:35 of 2nd period - Slapshot by Kyle Wharton.
4:35 of 2nd period - Goal by Kyle Wharton - Sewer Rats : 1 - Atomiques : 1.
4:36 of 2nd period - Brandon Sutter wins face-off versus Tyler Brenner in neutral zone.
4:47 of 2nd period - Slapshot by Brandon Sutter.
4:47 of 2nd period - Shot Misses the Net.
4:49 of 2nd period - Slapshot by Brandon Sutter.
4:49 of 2nd period - Stopped by Alex Auld without a rebound.
4:50 of 2nd period - Steven Reinprecht wins face-off versus Logan Couture in Atomiques zone.
5:01 of 2nd period - Snap shot by Steven Reinprecht.
5:01 of 2nd period - Stopped by Alex Auld without a rebound.
5:02 of 2nd period - Brandon Sutter wins face-off versus Logan Couture in Atomiques zone.
5:05 of 2nd period - Wrist shot by Brandon Sutter.
5:05 of 2nd period - Stopped by Alex Auld with a rebound.
5:27 of 2nd period - Ville Leino is hit by Linus Omark and loses puck.
5:53 of 2nd period - Andrew Kozek is hit by Kyle Turris and loses puck.
7:02 of 2nd period - Wrist shot by John Erskine.
7:02 of 2nd period - Shot Misses the Net.
7:06 of 2nd period - Wrist shot by Patrick Bordeleau.
7:06 of 2nd period - Stopped by Alex Auld without a rebound.
7:07 of 2nd period - Steven Reinprecht wins face-off versus Logan Couture in Atomiques zone.
7:08 of 2nd period - Slapshot by Mark Mancari.
7:08 of 2nd period - Stopped by Alex Auld with a rebound.
7:34 of 2nd period - Vojtech Polak is hit by Alexander Sulzer and loses puck.
7:39 of 2nd period - Snap shot by Linus Omark.
7:39 of 2nd period - Stopped by Jhonas Enroth without a rebound.
7:40 of 2nd period - Tyler Brenner wins face-off versus Brandon Sutter in Sewer Rats zone.
7:41 of 2nd period - Wrist shot by Linus Omark.
7:41 of 2nd period - Deflect By Tyler Brenner.
7:41 of 2nd period - Stopped by Jhonas Enroth without a rebound.
7:42 of 2nd period - Brandon Sutter wins face-off versus Logan Couture in Sewer Rats zone.
7:42 of 2nd period - Brandon Sutter is hit by Scott Jackson.
7:48 of 2nd period - Alexandre Daigle is hit by Brandon Sutter and loses puck.
7:53 of 2nd period - Snap shot by Vojtech Polak.
7:53 of 2nd period - Deflect By Nick Palmieri.
7:53 of 2nd period - Goal by Nick Palmieri - Sewer Rats : 2 - Atomiques : 1.
7:54 of 2nd period - Steven Reinprecht wins face-off versus Logan Couture in neutral zone.
8:03 of 2nd period - Snap shot by Steven Reinprecht.
8:03 of 2nd period - Shot Misses the Net.
8:05 of 2nd period - Snap shot by Matt Lashoff.
8:05 of 2nd period - Stopped by Alex Auld with a rebound.
8:07 of 2nd period - Slapshot by John Erskine.
8:07 of 2nd period - Stopped by Alex Auld with a rebound.
8:15 of 2nd period - Minor Penalty to Alexandre Daigle for Diving.
8:16 of 2nd period - Ville Leino wins face-off versus Brad Winchester in Atomiques zone.
8:31 of 2nd period - Wrist shot by Steven Reinprecht.
8:31 of 2nd period - Goal by Steven Reinprecht - Sewer Rats : 3 - Atomiques : 1.
8:32 of 2nd period - Logan Couture wins face-off versus Steven Reinprecht in neutral zone.
8:35 of 2nd period - Snap shot by Alexander Sulzer.
8:35 of 2nd period - Stopped by Jhonas Enroth without a rebound.
8:36 of 2nd period - Logan Couture wins face-off versus Steven Reinprecht in Sewer Rats zone.
8:47 of 2nd period - Wrist shot by Logan Couture.
8:47 of 2nd period - Shot Misses the Net.
8:49 of 2nd period - Slapshot by Victor Hedman.
8:49 of 2nd period - Stopped by Jhonas Enroth with a rebound.
9:45 of 2nd period - Off-side.
9:46 of 2nd period - Steven Reinprecht wins face-off versus Brett Sutter in neutral zone.
10:42 of 2nd period - Slapshot by Lars Eller.
10:42 of 2nd period - Deflect By Scott Jackson.
10:42 of 2nd period - Stopped by Alex Auld without a rebound.
10:43 of 2nd period - Logan Couture wins face-off versus Steven Reinprecht in Atomiques zone.
11:08 of 2nd period - Linus Omark is hit by Nick Palmieri and loses puck.
11:37 of 2nd period - Wrist shot by Ryan Shannon.
11:37 of 2nd period - Stopped by Jhonas Enroth with a rebound.
11:39 of 2nd period - Slapshot by Victor Hedman.
11:39 of 2nd period - Shot Misses the Net.
11:41 of 2nd period - Backhand shot by Victor Hedman.
11:41 of 2nd period - Stopped by Jhonas Enroth without a rebound.
11:42 of 2nd period - Steven Reinprecht wins face-off versus Marc-André Cliche in Sewer Rats zone.
12:34 of 2nd period - Minor Penalty to Linus Omark for Tripping.
12:35 of 2nd period - Steven Reinprecht wins face-off versus Brad Winchester in Atomiques zone.
12:35 of 2nd period - Wrist shot by Ville Leino.
12:35 of 2nd period - Stopped by Alex Auld without a rebound.
12:36 of 2nd period - Brad Winchester wins face-off versus Mark Mancari in Atomiques zone.
13:12 of 2nd period - Snap shot by Vojtech Polak.
13:12 of 2nd period - Shot Blocked by Alexander Sulzer.
14:34 of 2nd period - Penalty to Linus Omark is over, Linus Omark is back on ice.
14:40 of 2nd period - Tyler Brenner is hit by Matt Lashoff and loses puck.
14:47 of 2nd period - Linus Omark is hit by Matt Lashoff and loses puck.
15:26 of 2nd period - Snap shot by Nick Johnson.
15:26 of 2nd period - Stopped by Jhonas Enroth with a rebound.
15:28 of 2nd period - Slapshot by Scott Jackson.
15:28 of 2nd period - Stopped by Jhonas Enroth with a rebound.
16:28 of 2nd period - Tim Ramholt is hit by Tyler Brenner and loses puck.
16:41 of 2nd period - Slapshot by Lars Eller.
16:41 of 2nd period - Shot Blocked by Alexander Sulzer.
16:43 of 2nd period - Wrist shot by Jordan Caron.
16:43 of 2nd period - Shot Misses the Net.
18:25 of 2nd period - Off-side.
18:26 of 2nd period - Logan Couture wins face-off versus Lars Eller in neutral zone.
18:37 of 2nd period - Davis Drewiske is hit by Steven Kampfer and loses puck.
19:35 of 2nd period - Snap shot by Kyle Turris.
19:35 of 2nd period - Stopped by Alex Auld with a rebound.
19:37 of 2nd period - Wrist shot by Kyle Turris.
19:37 of 2nd period - Stopped by Alex Auld with a rebound.
19:39 of 2nd period - Slapshot by John Lammers.
19:39 of 2nd period - Stopped by Alex Auld with a rebound.
19:41 of 2nd period - Backhand shot by Derek Dorsett.
19:41 of 2nd period - Stopped by Alex Auld without a rebound.
19:42 of 2nd period - Steven Reinprecht wins face-off versus Marc-André Cliche in Atomiques zone.
19:43 of 2nd period - Wrist shot by Mark Mancari.
19:43 of 2nd period - Stopped by Alex Auld with a rebound.
19:45 of 2nd period - Slapshot by Tim Ramholt.
19:45 of 2nd period - Shot Misses the Net.
Goals for this period are 2 for Sewer Rats vs 1 for Atomiques.
Shots for this period are 23 for Sewer Rats vs 13 for Atomiques.
3rd period
0:01 of 3rd period - Steven Reinprecht wins face-off versus Logan Couture in neutral zone.
0:10 of 3rd period - Wrist shot by Mark Mancari.
0:10 of 3rd period - Stopped by Alex Auld with a rebound.
0:12 of 3rd period - Slapshot by Mark Mancari.
0:12 of 3rd period - Stopped by Alex Auld with a rebound.
0:14 of 3rd period - Slapshot by Tim Ramholt.
0:14 of 3rd period - Shot Blocked by Victor Hedman.
0:16 of 3rd period - Snap shot by Mark Mancari.
0:16 of 3rd period - Deflect By Steven Reinprecht.
0:16 of 3rd period - Goal by Steven Reinprecht - Sewer Rats : 4 - Atomiques : 1.
0:17 of 3rd period - Logan Couture wins face-off versus Steven Reinprecht in neutral zone.
0:19 of 3rd period - Off-side.
0:20 of 3rd period - Logan Couture wins face-off versus Steven Reinprecht in neutral zone.
0:27 of 3rd period - Snap shot by Brad Winchester.
0:27 of 3rd period - Shot Misses the Net.
0:29 of 3rd period - Snap shot by Alexander Sulzer.
0:29 of 3rd period - Shot Misses the Net.
0:33 of 3rd period - Wrist shot by Alexandre Daigle.
0:33 of 3rd period - Shot Blocked by Tim Ramholt.
0:35 of 3rd period - Wrist shot by Logan Couture.
0:35 of 3rd period - Shot Misses the Net.
1:31 of 3rd period - Snap shot by Logan Couture.
1:31 of 3rd period - Shot Blocked by Vojtech Polak.
1:33 of 3rd period - Wrist shot by Scott Jackson.
1:33 of 3rd period - Stopped by Jhonas Enroth with a rebound.
1:35 of 3rd period - Snap shot by Brad Winchester.
1:35 of 3rd period - Shot Blocked by Nick Palmieri.
1:49 of 3rd period - John-Michael Liles is hit by Casey Borer and loses puck.
2:20 of 3rd period - Snap shot by Nick Palmieri.
2:20 of 3rd period - Stopped by Alex Auld without a rebound.
2:21 of 3rd period - Steven Reinprecht wins face-off versus Alexandre Daigle in Atomiques zone.
2:24 of 3rd period - Backhand shot by Steven Reinprecht.
2:24 of 3rd period - Stopped by Alex Auld without a rebound.
2:25 of 3rd period - Steven Reinprecht wins face-off versus Logan Couture in Atomiques zone.
2:26 of 3rd period - Wrist shot by Ville Leino.
2:26 of 3rd period - Stopped by Alex Auld with a rebound.
2:47 of 3rd period - Icing by Victor Hedman.
2:48 of 3rd period - Logan Couture wins face-off versus Kyle Turris in Atomiques zone.
2:55 of 3rd period - Snap shot by Kyle Turris.
2:55 of 3rd period - Shot Misses the Net.
2:59 of 3rd period - Wrist shot by Kyle Turris.
2:59 of 3rd period - Deflect By Derek Dorsett.
2:59 of 3rd period - Shot Blocked by Alexander Sulzer.
2:59 of 3rd period - Puck is out of play.
3:00 of 3rd period - Brad Winchester wins face-off versus Steven Reinprecht in Atomiques zone.
3:09 of 3rd period - Snap shot by Ville Leino.
3:09 of 3rd period - Shot Blocked by Kyle Wharton.
4:24 of 3rd period - Kenndal McArdle is hit by John Erskine and loses puck.
4:42 of 3rd period - Minor Penalty to Alexandre Daigle for Tripping.
4:43 of 3rd period - Brad Winchester wins face-off versus Steven Reinprecht in Atomiques zone.
4:53 of 3rd period - Snap shot by Steven Reinprecht.
4:53 of 3rd period - Stopped by Alex Auld with a rebound.
5:14 of 3rd period - Icing by Nick Palmieri.
5:15 of 3rd period - Andrew Kozek wins face-off versus Brandon Sutter in Sewer Rats zone.
5:30 of 3rd period - Brad Winchester is hit by Mark Mancari and loses puck.
5:52 of 3rd period - Andrew Kozek is hit by Ville Leino and loses puck.
6:05 of 3rd period - Brad Winchester is hit by Mark Mancari and loses puck.
6:14 of 3rd period - Slapshot by Steven Reinprecht.
6:14 of 3rd period - Shot Misses the Net.
6:18 of 3rd period - Wrist shot by Mark Mancari.
6:18 of 3rd period - Deflect By Steven Reinprecht.
6:18 of 3rd period - Stopped by Alex Auld with a rebound.
6:20 of 3rd period - Slapshot by John-Michael Liles.
6:20 of 3rd period - Stopped by Alex Auld without a rebound.
6:21 of 3rd period - Brandon Sutter wins face-off versus Andrew Kozek in Atomiques zone.
6:42 of 3rd period - Penalty to Alexandre Daigle is over, Alexandre Daigle is back on ice.
6:48 of 3rd period - Wrist shot by Derek Dorsett.
6:48 of 3rd period - Stopped by Alex Auld without a rebound.
6:49 of 3rd period - Brett Sutter wins face-off versus John Lammers in Atomiques zone.
7:02 of 3rd period - Snap shot by Kyle Turris.
7:02 of 3rd period - Stopped by Alex Auld without a rebound.
7:03 of 3rd period - Alexandre Daigle wins face-off versus Brandon Sutter in Atomiques zone.
7:03 of 3rd period - Alexandre Daigle is hit by Vojtech Polak.
7:30 of 3rd period - Davis Drewiske is hit by John-Michael Liles and loses puck.
7:53 of 3rd period - Wrist shot by Ryan Shannon.
7:53 of 3rd period - Shot Blocked by Matt Lashoff.
7:55 of 3rd period - Snap shot by Alexander Sulzer.
7:55 of 3rd period - Shot Blocked by John Erskine.
7:59 of 3rd period - Slapshot by Marc-André Cliche.
7:59 of 3rd period - Stopped by Jhonas Enroth with a rebound.
8:01 of 3rd period - Wrist shot by Alexander Sulzer.
8:01 of 3rd period - Stopped by Jhonas Enroth with a rebound.
8:03 of 3rd period - Wrist shot by Marc-André Cliche.
8:03 of 3rd period - Goal by Marc-André Cliche - Sewer Rats : 4 - Atomiques : 2.
8:04 of 3rd period - Logan Couture wins face-off versus Steven Reinprecht in neutral zone.
8:29 of 3rd period - Alexander Sulzer is hit by Nick Palmieri and loses puck.
9:15 of 3rd period - Brett Sutter is hit by Matt Lashoff and loses puck.
9:33 of 3rd period - Off-side.
9:34 of 3rd period - Steven Reinprecht wins face-off versus Tyler Brenner in neutral zone.
10:31 of 3rd period - Snap shot by Derek Dorsett.
10:31 of 3rd period - Deflect By John Lammers.
10:31 of 3rd period - Shot Misses the Net.
10:31 of 3rd period - Puck is out of play.
10:32 of 3rd period - Steven Reinprecht wins face-off versus Tyler Brenner in Atomiques zone.
11:39 of 3rd period - Icing by Lars Eller.
11:40 of 3rd period - Jordan Caron wins face-off versus Logan Couture in Sewer Rats zone.
11:40 of 3rd period - Jordan Caron is hit by Logan Couture.
12:07 of 3rd period - Ville Leino is hit by Andrew Kozek and loses puck.
12:37 of 3rd period - Icing by Casey Borer.
12:38 of 3rd period - Brett Sutter wins face-off versus Steven Reinprecht in Atomiques zone.
12:43 of 3rd period - Nick Johnson is hit by Mark Mancari and loses puck.
13:08 of 3rd period - Snap shot by Logan Couture.
13:08 of 3rd period - Deflect By Alexandre Daigle.
13:08 of 3rd period - Shot Blocked by Brandon Sutter.
13:08 of 3rd period - Puck is out of play.
13:09 of 3rd period - Brandon Sutter wins face-off versus Logan Couture in Sewer Rats zone.
14:00 of 3rd period - Tim Ramholt is hit by Kenndal McArdle and loses puck.
14:05 of 3rd period - Wrist shot by Brett Sutter.
14:05 of 3rd period - Shot Blocked by John-Michael Liles.
14:07 of 3rd period - Snap shot by Brett Sutter.
14:07 of 3rd period - Goal by Brett Sutter - Sewer Rats : 4 - Atomiques : 3.
14:08 of 3rd period - Brandon Sutter wins face-off versus Logan Couture in neutral zone.
14:10 of 3rd period - Off-side.
14:11 of 3rd period - Brandon Sutter wins face-off versus Logan Couture in neutral zone.
14:19 of 3rd period - Off-side.
14:20 of 3rd period - Logan Couture wins face-off versus Steven Reinprecht in neutral zone.
14:31 of 3rd period - Snap shot by Logan Couture.
14:31 of 3rd period - Deflect By Brad Winchester.
14:31 of 3rd period - Shot Misses the Net.
14:31 of 3rd period - Puck is out of play.
14:32 of 3rd period - Logan Couture wins face-off versus Steven Reinprecht in Sewer Rats zone.
14:44 of 3rd period - Minor Penalty to John-Michael Liles for Holding.
14:45 of 3rd period - Logan Couture wins face-off versus Steven Reinprecht in Sewer Rats zone.
16:44 of 3rd period - Penalty to John-Michael Liles is over, John-Michael Liles is back on ice.
16:56 of 3rd period - Patrick Bordeleau is hit by Alexandre Daigle.
18:26 of 3rd period - Tyler Brenner is hit by Ville Leino.
18:55 of 3rd period - Wrist shot by Mark Mancari.
18:55 of 3rd period - Stopped by Alex Auld without a rebound.
18:56 of 3rd period - Cory Clouston call a timeout for Atomiques.
18:56 of 3rd period - Derek Dorsett wins face-off versus Logan Couture in Atomiques zone.
18:59 of 3rd period - Snap shot by Kyle Turris.
18:59 of 3rd period - Stopped by Alex Auld with a rebound.
19:15 of 3rd period - Atomiques, Alex Auld is pulled from the net.
19:51 of 3rd period - Snap shot by Kyle Turris.
19:51 of 3rd period - Goal by Kyle Turris - Sewer Rats : 5 - Atomiques : 3.
19:51 of 3rd period - Alex Auld from Atomiques was sent back in the game.
19:52 of 3rd period - Steven Reinprecht wins face-off versus Logan Couture in neutral zone.
Goals for this period are 2 for Sewer Rats vs 2 for Atomiques.
Shots for this period are 14 for Sewer Rats vs 5 for Atomiques.
Output by the SimonT Hockey Simulator (STHS) for François Prévost -- Original Page W3C XHTML 1.0 Valid